 Dungeon Crawl Stone Soup version 0.22-a0-558-gc2241811a9 (webtiles) character file.

46 MirrMurr the Sneak (level 3, -5/16 HPs)
             Began as a Spriggan Enchanter on June 27, 2018.
             Slain by a hobgoblin
             ... wielding a +0 club
              (7 damage)
             ... on level 2 of the Dungeon.
             The game lasted 00:03:04 (1632 turns).

MirrMurr the Sneak (Spriggan Enchanter)             Turns: 1632, Time: 00:03:05

Health: -5/16      AC:  2    Str:  5    XL:     3   Next: 44%
Magic:  8/8        EV: 18    Int: 16    God:
Gold:   45         SH:  0    Dex: 16    Spells: 1/7 levels left

rFire    . . .     SeeInvis +   a - +1 dagger
rCold    . . .     Gourm    .   (shield restricted)
rNeg     . . .     Faith    .   b - +0 robe
rPois    .         Spirit   .   (helmet restricted)
rElec    .         Reflect  .   (no cloak)
rCorr    .         Harm     .   (gloves unavailable)
MR       +....                  (boots unavailable)
Stlth    +++.......             (no amulet)
HPRegen  0.05/turn              k - ring of protection from magic (curse)
MPRegen  0.11/turn              (no ring)

@: very quick
A: very small, unfitting armour, see invisible, herbivore, speed 3, slow
metabolism 2
a: no special abilities


You were on level 2 of the Dungeon.
You were not hungry.

You visited 1 branch of the dungeon, and saw 2 of its levels.

You collected 45 gold pieces.

Inventory:

Hand Weapons
 a - a +1 dagger (weapon)
Missiles
 e - 62 stones (quivered)
Armour
 b - a +0 robe (worn)
Jewellery
 k - a cursed ring of protection from magic (left hand)
Scrolls
 d - a scroll of identify {unknown}
 g - a scroll of teleportation {unknown}
 i - a scroll of fear {unknown}
 j - 4 scrolls of magic mapping {unknown}
 r - 2 scrolls of remove curse
Potions
 f - a potion of ambrosia {unknown}
 h - a potion of lignification {unknown}
 l - a potion of cancellation {unknown}
Comestibles
 c - a ration


   Skills:
 + Level 2.7 Short Blades
 - Level 3.0 Dodging
 + Level 5.8 Stealth
 - Level 2.6 Spellcasting
 - Level 3.6 Hexes


You had one spell level left.
You knew the following spells:

 Your Spells              Type           Power        Failure   Level  Hunger
a - Ensorcelled Hibernat  Hex/Ice        #.....       14%         2    ##.....
b - Confuse               Hex            ##......     13%         3    ###....
C - Corona                Hex            ##.....      4%          1    #......

Your spell library contained the following spells:

 Spells                   Type           Power        Failure   Level  Hunger
 Tukima's Dance           Hex            ##......     13%         3    ###....
 Dazzling Spray           Conj/Hex       #.....       28%         3    ###....


Dungeon Overview and Level Annotations

Branches:
Dungeon (2/15)

Altars:


Innate Abilities, Weirdness & Mutations

You are very small and have problems with some larger weapons.
You are too small for most types of armour.
You have supernaturally acute eyesight. (SInv)
You are a herbivore.
You cover ground extremely quickly.
You need to consume almost no food.


Message History

The ball python closely misses you. The ball python constricts you.
You closely miss the ball python.
The ball python is moderately wounded.
The ball python bites you but does no damage.
The ball python constricts you.
You hit the ball python.
You kill the ball python!
You completely miss the hobgoblin.
The hobgoblin is severely wounded.
You completely miss the hobgoblin.
The hobgoblin is severely wounded.
The hobgoblin hits you with a club.
* * * LOW HITPOINT WARNING * * *
You hit the hobgoblin but do no damage.
The hobgoblin is severely wounded.
The hobgoblin completely misses you.
You hit the hobgoblin.
The hobgoblin is almost dead.
The hobgoblin hits you with a club!
You die...

.......†.....# #.....†##
#.#.....###.###...†..##
#...<..## #............
###.###..# ##.##.....###
.........# #............
.##.####.# #.)####..##.#
#.# #..####.....# #g#
#..##.....#.# #@#
#..##.###.##. ###†#
#.....# #.... #...#
##...#.###.###
........................
#.###...###.######.#####
................# #
#####.###.######## # #..
.. ###


You could see a hobgoblin.

Vanquished Creatures
  An adder (D:2)
  An ooze (D:1)
  A worm (D:2)
  A dart slug (D:1)
  3 leopard geckos
  5 goblins
  2 hobgoblins (D:1)
  A ball python (D:2)
  5 bats
  3 frilled lizards (D:1)
  A kobold (D:1)
  4 rats (D:1)
28 creatures vanquished.

Notes
Turn   | Place    | Note
-------+----------+-------------------------------------------
     0 | D:1      | MirrMurr the Spriggan Enchanter began the quest for the Orb.
     0 | D:1      | Reached XP level 1. HP: 9/9 MP: 5/5
   927 | D:1      | Reached XP level 2. HP: 13/13 MP: 6/6
   931 | D:1      | Learned a level 2 spell: Ensorcelled Hibernation
   986 | D:1      | Reached skill level 5 in Stealth
  1497 | D:2      | Reached XP level 3. HP: 16/16 MP: 8/8
  1505 | D:2      | Learned a level 3 spell: Confuse
  1632 | D:2      | Slain by a hobgoblin

Vault maps used:
D:1:      lemuel_arrival_broad_hall
D:2:      nicolae_overflow_crystal_walls, minitemple, minmay_tromino_mix6

Skill      XL: |  1  2 |
---------------+-------+-----
Stealth        | 5 |  5.8
Short Blades   | 2 |  2.7
Dodging        | |  3.0
Spellcasting   | |  2.6
Hexes          | |  3.6

Action                   || total
-------------------------++-------
Melee: Dagger            ||   113
 Cast: Corona            ||     3
       Ensorcelled Hiber ||     2
  Use: Scroll            ||     1
 Stab: Sleeping          ||    11
Armor: Robe              ||     9
Dodge: Dodged            ||    75

Table legend:
 A = Spawn XP
 B = Non-spawn XP
 C = Spawn XP percentage of total XP
 D = Spawn monster count
 E = Non-spawn monster count
 F = Spawn count percentage of total count
 G = Total turns spent on level
                    A         B        C        D         E        F      G
               +---------+---------+-------+---------+---------+-------+---------
         Total |       0 |      66 |   0.0 |       0 |      28 |   0.0 |  1632
               +---------+---------+-------+---------+---------+-------+---------
           D:1 |       0 |      38 |   0.0 |       0 |      21 |   0.0 |  1479
           D:2 |       0 |      28 |   0.0 |       0 |       7 |   0.0 |   153
               +---------+---------+-------+---------+---------+-------+---------
